 Dungeon Crawl Stone Soup version 0.19-a0-1057-g15bb84d (webtiles) character file.

126 FrancescoMac the Sneak (level 5, 0/28 HPs)
             Began as a Vine Stalker Monk on Aug 2, 2016.
             Succumbed to a water moccasin's poison
             ... on level 3 of the Dungeon.
             The game lasted 00:05:07 (1842 turns).

FrancescoMac the Sneak (Vine Stalker Monk)          Turns: 1842, Time: 00:05:07

Health: 0/28       AC:  3    Str: 14    XL:     5   Next: 9%
Magic:  4/6        EV: 13    Int: 10    God:
Gold:   86         SH:  0    Dex: 17    Spells: 0 memorised, 4 levels left

rFire  . . .     SeeInvis .     a - +0 hand axe
rCold  . . .     Gourm    .     b - +0 robe
rNeg   . . .     Faith    .     (no shield)
rPois  .         Spirit   +     g - +0 helmet
rElec  .         Dismiss  .     (no cloak)
rCorr  .         Reflect  .     (no gloves)
SustAt .         Harm     .     (no boots)
MR     +....                    (no amulet)
Stlth  +++.......               (no ring)
                                e - ring of protection from magic (curse)

@: lethally poisoned (0 -> -19), somewhat resistant to hostile enchantments,
fairly stealthy
A: fangs 2, regeneration 1, magic shield, antimagic bite, no device heal 3, rot
immunity
a: no special abilities


You were on level 3 of the Dungeon.
You were not hungry.

You visited 1 branch of the dungeon, and saw 3 of its levels.

You collected 86 gold pieces.

Inventory:

Hand Weapons
 a - a +0 hand axe (weapon)
Armour
 b - a +0 robe (worn)
 g - a +0 helmet (worn)
Jewellery
 e - a cursed ring of protection from magic (left hand)
Scrolls
 f - a scroll of enchant weapon {unknown}
 h - a scroll of fear {unknown}
 j - a scroll of recharging {unknown}
 m - a scroll of amnesia {unknown}
 o - a scroll of identify {unknown}
 p - a scroll of teleportation {unknown}
 s - a scroll of noise {unknown}
Potions
 d - a potion of ambrosia {unknown}
 i - a potion of cure mutation {unknown}
 k - a potion of agility {unknown}
 l - a potion of curing {unknown}
 q - a potion of might {unknown}
 t - a potion of brilliance {unknown}
 u - a potion of resistance {unknown}
 v - a potion of heal wounds {unknown}
Comestibles
 c - 3 bread rations
 n - a meat ration


   Skills:
 + Level 3.3 Fighting
 + Level 3.4 Axes
 + Level 3.1 Dodging
 + Level 3.8 Stealth


You had 4 spell levels left.
You didn't know any spells.

Dungeon Overview and Level Annotations

Branches:
Dungeon (3/15)

Altars:
Ashenzari


Innate Abilities, Weirdness & Mutations

You have extremely sharp teeth.
Your natural rate of healing is unusually fast.
When hurt, damage is shared between your health and your magic reserves.
Your bite disrupts and absorbs the magic of your enemies.
Potions and wands cannot restore your health.
You are immune to rotting.


Message History

The water moccasin is moderately wounded.
* * * LOW HITPOINT WARNING * * *
You feel sick. The water moccasin barely misses you.
The water moccasin bites you.
* * * LOW HITPOINT WARNING * * *
You are more poisoned.
The water moccasin poisons you!
You are too injured to fight recklessly!
You are too injured to fight recklessly!
You are too injured to fight recklessly!
You are too injured to fight recklessly!
You hit the water moccasin. You bite the water moccasin. You drain its power.
You feel invigorated.
The water moccasin is heavily wounded.
* * * LOW HITPOINT WARNING * * *
You feel sick. The water moccasin barely misses you.
The water moccasin closely misses you.
You miss the water moccasin. Your bite misses the water moccasin.
The water moccasin is heavily wounded.
You die...

###############
#..............
#.<#
...####..####
......S.....#
...###@.##.<...
# #).# ####
#..# #... ##.#.
g.... ... ..
...)...


You could see a water moccasin.

Vanquished Creatures
  Natasha (thrice) (D:2)
  A worm (D:2)
  2 dart slugs (D:1)
  2 ball pythons
  4 bats
  3 giant cockroaches
  3 hobgoblins
  A quokka (D:2)
  4 giant newts (D:1)
  A goblin (D:1)
  13 kobolds
  10 rats
47 creatures vanquished.

Notes
Turn   | Place    | Note
-------+----------+-------------------------------------------
     0 | D:1      | FrancescoMac the Vine Stalker Monk began the quest for the Orb.
     0 | D:1      | Reached XP level 1. HP: 11/11 MP: 2/2
   167 | D:1      | Reached XP level 2. HP: 16/16 MP: 3/3
   309 | D:1      | Reached XP level 3. HP: 19/19 MP: 4/4
   834 | D:2      | Found a shattered altar of Ashenzari.
   834 | D:2      | Noticed Natasha
   842 | D:2      | Killed Natasha
   891 | D:2      | Noticed Natasha
   901 | D:2      | Killed Natasha
   901 | D:2      | Reached XP level 4. HP: 16/24 MP: 3/5
  1087 | D:2      | Noticed Natasha
  1095 | D:2      | Killed Natasha
  1407 | D:2      | Reached XP level 5. HP: 27/28 MP: 6/6
  1829 | D:3      | Noticed a water moccasin
  1842 | D:3      | Succumbed to a water moccasin's poison

Vault maps used:
D:1:      nicolae_arrival_somewhat_less_tricky_arrival, minmay_heptomino_o4
D:2:      ashenzari_conservatory_becter, uniq_natasha
D:3:      first_bread, ecumenical_altar_1

Skill      XL: |  1  2  3 |
---------------+----------+-----
Axes           | 3 |  3.4
Stealth        | 3 |  3.8
Fighting       | 3 |  3.3
Dodging        | 3 |  3.1

Action                   |  1- 3 |  4- 6 || total
-------------------------+-------+-------++-------
Melee: Hand axe          |    92 |    49 ||   141
       Bite              |    20 |    15 ||    35
 Stab: Sleeping          |     4 |     3 ||     7
  Eat: Fruit             |       |     2 ||     2
       Chunk             |       |     1 ||     1
Armor: Robe              |    23 |    12 ||    35
Dodge: Dodged            |    54 |    39 ||    93
